 Dungeon Crawl Stone Soup version 0.27-a0-1181-g5f64966fcc (webtiles) character file.

Game seed: 8433557508481732287

177 Gorglomux the Skirmisher (level 5, 0/44 HPs)
             Began as a Palentonga Fighter on May 17, 2021.
             Was an Initiate of Wu Jian.
             Slain by an iguana (3 damage)
             ... on level 4 of the Dungeon.
             The game lasted 00:05:30 (1659 turns).

Gorglomux the Skirmisher (Palentonga Fighter)       Turns: 1659, Time: 00:05:30

Health: 0/44       AC:  6    Str: 19    XL:     5   Next: 30%
Magic:  5/5        EV:  5    Int:  8    God:    Wu Jian [......]
Gold:   43         SH:  9    Dex: 11    Spells: 4/4 levels left

rFire    . . .     SeeInvis +   a - +0 war axe
rCold    . . .     Faith    .   c - +0 kite shield
rNeg     . . .     Spirit   .   b - +0 scale mail
rPois    .         Reflect  .   (no helmet)
rElec    .         Harm     .   (no cloak)
rCorr    .         Rampage  .   (no gloves)
Will     .....                  (no barding)
Stlth    ..........             (no amulet)
HPRegen  0.14/turn              (no ring)
MPRegen  0.09/turn              (no ring)

@: flying
A: large, rugged brown scales 3, see invisible, deformed body, roll 1, armoured
tail
a: Rolling Charge, Renounce Religion


You were on level 4 of the Dungeon.
You worshipped Wu Jian.
Wu Jian was noncommittal.
You visited 2 branches of the dungeon, and saw 4 of its levels.

You collected 43 gold pieces.

Inventory:

Hand Weapons
 a - a +0 war axe (weapon)
Missiles
 i - 8 poisoned darts
Armour
 b - a +0 scale mail (worn)
 c - a +0 kite shield (worn)
Scrolls
 e - a scroll of fear {unknown}
 f - 2 scrolls of silence {unknown}
 g - 4 scrolls of teleportation {unknown}
 h - a scroll of brand weapon {unknown}
 j - a scroll of identify {unknown}
Potions
 d - 2 potions of might


   Skills:
 + Level 4.0 Fighting
 + Level 3.2 Axes
 - Level 3.2 Armour
 - Level 3.2 Shields


You had 4 spell levels left.
You didn't know any spells.
Your spell library was empty.

Dungeon Overview and Level Annotations

Branches:
Dungeon (4/15)             Temple (1/1) D:4

Altars:
Ashenzari
Cheibriados
Dithmenos
Elyvilon
Fedhas
Gozag
Hepliaklqana
Kikubaaqudgha
Makhleb
Nemelex Xobeh
Okawaru
Qazlal
Sif Muna
Trog
Uskayaw
Vehumet
Wu Jian
Xom
Yredelemnul
Zin
The Shining One

Shops:
D:1 =

Annotations:
D:4 Blork the orc


Innate Abilities, Weirdness & Mutations

You are completely covered in rugged brown scales. (AC +3, +7% HP)
You have supernaturally acute eyesight. (SInv)
Armour fits poorly on your strangely shaped body.
You can roll at nearby foes to attack.
You have a long armoured tail.


Message History

You see here a +0 chain mail.
You lunge at Blork the orc.
You hit Blork the orc but do no damage.
An orc comes into view. It is wielding a +0 long sword.
Blork the orc hits you with a +0 trident!
You block Blork the orc's attack.
Roll where?
Press: ? - help, Q - select action, (/) - cycle Dir - move target, f - orc
Aim: an orc, wielding a +0 long sword You roll forward with a clatter of scales!
You closely miss the orc.
An iguana comes into view.
The iguana hisses angrily.
You tail-slap the orc.
The orc is heavily wounded.
The orc hits you with a +0 long sword. You block Blork the orc's attack.
You block the orc's attack.
Found 19 bolts.
Found a stone staircase leading down.
Roll where?
Press: ? - help, Q - select action, (/) - cycle Dir - move target, f - Blork the orc, p - orc
Aim: Blork the orc, wielding a +0 trident and wearing a +0 robe (sparse dust)
You roll forward with a clatter of scales!
You barely miss Blork the orc.
You tail-slap Blork the orc, but do no damage.
You block Blork the orc's attack.
You barely miss the orc. You tail-slap the orc.
You kill the orc!
The Council accepts your kill.
You barely miss Blork the orc. You block Blork the orc's attack.
Blork the orc hits you with a +0 trident!
You are too injured to fight recklessly!
You barely miss Blork the orc.
Blork the orc hits you with a +0 trident!
* * * LOW HITPOINT WARNING * * *
The iguana bites you!
* * * LOW HITPOINT WARNING * * *
Blork the orc barely misses you.
Things that are here:
a +0 long sword; an orc corpse
Okay, then.
Found 5 gold pieces.
Blork the orc gestures wildly while chanting.
Blork the orc seems to speed up.
Blork the orc screams, "I'll break your legs!"
Found a scroll labelled DIOMYL PIESSO.
Found a stone staircase leading up.
You see here 5 gold pieces.
Found a short sword.
It was a potion of flight.
You feel very buoyant.
You fly up into the air.
The iguana bites you.
You die...

..# .)# ..# ###..
# .<..#.# #..
.#.... .... .#.?##
#.... .#@..# #
####.... .#l#.#.#
......#. #(#o#.#.#
......#.##.......#
.>........####$###
........#..o...#
#........#######
## #.##...#)# .#
........o#


You could see Blork the orc (fast) and an iguana.

Vanquished Creatures
  A water moccasin skeleton (D:4)
  A centaur skeleton (D:4)
  2 hound skeletons (D:4)
  A gnoll (D:1)
  2 worms (D:2)
  2 dart slugs
  2 orcs (D:4)
  4 ball pythons
  4 endoplasms
  4 giant cockroaches
  2 goblins (D:1)
  3 hobgoblins
  11 jackals (D:1)
  5 kobolds
  3 bats (D:1)
  A frilled lizard (D:1)
  3 rats
51 creatures vanquished.

Notes
Turn   | Place    | Note
-------+----------+-------------------------------------------
     0 | D:1      | Gorglomux the Palentonga Fighter began the quest for the
                  | Orb.
     0 | D:1      | Reached XP level 1. HP: 19/19 MP: 1/1
   200 | D:2      | Reached XP level 2. HP: 22/25 MP: 2/2
   469 | D:1      | Reached XP level 3. HP: 31/31 MP: 3/3
   549 | D:1      | Found Isarugit's Jewellery Shop.
   919 | D:1      | Found a faded altar of an unknown god.
  1228 | D:2      | You fall into a shaft and drop 2 floors!
  1306 | D:4      | Found a staircase to the Ecumenical Temple.
  1314 | D:4      | Reached XP level 4. HP: 35/37 MP: 4/4
  1318 | Temple   | Entered the Ecumenical Temple
  1436 | Temple   | Became a worshipper of the Wu Jian Council
  1524 | D:4      | Reached skill level 3 in Armour
  1611 | D:4      | Reached skill level 3 in Shields
  1614 | D:4      | Reached skill level 3 in Axes
  1616 | D:4      | Reached skill level 4 in Fighting
  1616 | D:4      | Reached XP level 5. HP: 31/44 MP: 5/5
  1638 | D:4      | Noticed Blork the orc
  1646 | D:4      | HP: 2/44 [iguana (8)]
  1659 | D:4      | Slain by an iguana

Illustrated notes

Levels and vault maps discovered:
D:1:      dpeg_arrival_arbitrary_b, layout_loops_ring,
          hellmonk_ecumenical_altar_inner_sanctum, serial_shops,
          nicolae_shop_stone
D:2:      layout_basic, basic_altar, chequers_serial_rivers_micro_b
D:4:      layout_loops_cross, nicolae_overflow_hidden_temple, temple_fountains,
          uniq_blork_the_orc
Temple:   kilobyte_greek_temple

Skill      XL: |  1  2  3  4 |
---------------+-------------+-----
Armour         | 3 |  3.2
Shields        | 3 |  3.2
Axes           | 3 |  3.2
Fighting       | 4 |  4.0

Action                   |  1- 3 |  4- 6 || total
-------------------------+-------+-------++-------
Melee: War axe           |    86 |    20 ||   106
       Tailslap          |     6 |     5 ||    11
Invok: Lunge             |       |     1 ||     1
 Abil: Rolling Charge    |    19 |     6 ||    25
  Use: Potion            |       |     1 ||     1
Armor: Scale mail        |    49 |    20 ||    69
Dodge: Dodged            |    25 |     9 ||    34
Block: Kite shield       |    46 |    25 ||    71

Table legend: (Time is in decaauts)
 A = Elapsed time spent in this place.
 B = Non-inter-level travel time spent in this place.
 C = Inter-level travel time spent in this place.
 D = Time resting spent in this place.
 E = Time spent auto-exploring this place.
 F = Levels seen in this place.
 G = Mean time per level.
                   A        B        C        D        E       F      G
               +--------+--------+--------+--------+--------+-----+--------+
         Total |   1724 |   1663 |     61 |     97 |   1146 |   4 |  431.0 |
       Dungeon |   1574 |   1543 |     31 |     97 |   1036 |   3 |  524.7 |
        Temple |    149 |    119 |     30 |      0 |    110 |   1 |  149.0 |
               +--------+--------+--------+--------+--------+-----+--------+

Top non-repeatable levels by time:
     D:1: 1063 daAuts
     D:4: 295 daAuts
     D:2: 215 daAuts
  Temple: 149 daAuts
